AoeStats
← WoodChuckle

Arabia

510012386Analyzed
1v1 RM · 4d ago on Sep 29, 2026· 57m 13s· 2 players
Game mode
Random Map
Map size
Tiny (2 player)
Population
200
Speed
Normal
Resources
Standard
Victory
Conquest
Starting age
Dark Age
Ending age
Imperial Age
RankedLock teamsTeams togetherTeam positionsShared explorationLock speedFull tech treeHidden civsTurbo modeCheats
Victory
Defeat
🇦🇷 Mongols · Argentina
969
+16
🇺🇸 Byzantines · United States
970
-37
ElDuque
9:35 Feudal Age
7:50 Loom
11:01 Double-Bit Axe
20:21 Castle Age
18:34 Horse Collar
20:35 Fletching
22:24 Bow Saw
22:06 Stone Mining
22:19 Heavy Plow
26:02 Bodkin Arrow
26:08 Padded Archer Armor
27:41 Ballistics
28:05 Leather Archer Armor
27:50 Gold Mining
28:23 Scale Barding Armor
28:38 Bloodlines
40:20 Imperial Age
39:40 Light Cavalry
42:42 Chemistry
41:07 Hussar
42:31 Chain Barding Armor
48:34 Conscription
51:12 Conscription
WoodChuckle
11:20 Feudal Age
11:52 Double-Bit Axe
12:42 Horse Collar
13:08 Man-at-Arms
17:26 Forging
20:41 Castle Age
19:24 Arson
20:15 Gold Mining
20:55 Fletching
20:53 Elite Skirmisher
21:00 Crossbowman
21:03 Long Swordsman
23:05 Gambesons
24:23 Stone Mining
25:27 Pikeman
26:33 Heavy Plow
27:58 Bodkin Arrow
28:13 Thumb Ring
29:21 Squires
30:07 Fervor
31:32 Padded Archer Armor
35:01 Imperial Age
35:12 Arbalester
43:46 Halberdier
47:16 Ballistics
47:57 Chemistry
47:36 Leather Archer Armor
47:25 Bracer
50:30 Leather Archer Armor
Connection lost

Rejoining the realm…

Still unreachable

The connection could not be restored.

Session expired

The server has moved on; the page needs a fresh start.